 Dungeon Crawl Stone Soup version 0.26.0-10-g1f06aea511 (webtiles) character file.

Game seed: 12974516468903769855

686478 Amaterasu the Metallomancer (level 27, -6/261 HPs)
             Began as an Octopode Transmuter on Jan 26, 2021.
             Was the Champion of the Shining One.
             Killed from afar by Zuellumo the pandemonium lord (24 damage)
             ... with damnation
             ... on level 23 of a ziggurat on Jan 27, 2021.
             The game lasted 04:07:33 (63747 turns).

Amaterasu the Metallomancer (Octopode Transmuter)  Turns: 63747, Time: 04:07:34

Health: -6/261     AC: 35    Str: 27    XL:     27
Magic:  31/44      EV: 33    Int: 50    God:    the Shining One [******]
Gold:   11076      SH: 18    Dex: 32    Spells: 1/60 levels left

rFire    + + +     SeeInvis +     - Unarmed
rCold    + + .     Faith    .   p - +2 shield of Resistance {rF++ rC++ Will++}
rNeg     + + +     Spirit   .   a - +1 hat {Int+3}
rPois    ∞         Reflect  .   c - amulet of magic regeneration
rElec    +         Harm     .   K - ring of Waeh {rF+ Int-2 Dex+4 SInv}
rCorr    .         Rampage  .   X - ring "Ymymusir" {Str+6 Dex+4 Stlth+}
Will     +++++                  w - ring "Kiwoly" {rElec Int+6 Dex+3}
Stlth    ++........             k - ring of willpower
HPRegen  0.53/turn              H - ring "Jetiaq" {rPois Will+ Str+5 Int+5}
MPRegen  0.54/turn              J - ring "Cekora" {*Corrode rElec Will- Str+6 Int+8 Dex+3}
                                N - +4 ring of protection
                                L - +6 ring of intelligence

@: statue-form, corroded, berserk cooldown, slowed, glowing, very slow
A: almost no armour, stealthy swim, amphibious, 8 rings, constrict 8, tentacle
spike 1, camouflage 1, agile 1
}: 2/15 runes: serpentine, barnacled
a: End Transformation, Renounce Religion, Divine Shield, Cleansing Flame, Summon
Divine Warrior, Brand Weapon With Holy Wrath


You were on level 23 of a ziggurat.
You worshipped the Shining One.
The Shining One was exalted by your worship.
You were a stone statue.
You visited 10 branches of the dungeon, and saw 47 of its levels.
You visited 1 bazaar.
You visited 1 ziggurat, and saw 23 of its levels.
You also visited: Bailey, Ice Cave and Wizlab.

You collected 14027 gold pieces.
You spent 2951 gold pieces at shops.

Inventory:

Missiles
 S - 149 silver javelins (quivered)
Armour
 a - a +1 hat of intelligence (worn)
 p - the +2 shield of Resistance (worn) {rF++ rC++ Will++}
   (You acquired it on level 2 of the Crypt)

   It greatly protects you from fire.
   It greatly protects you from cold.
   It affects your willpower, your defense against some magical effects.
Jewellery
 c - an amulet of magic regeneration (around mantle)
 k - a ring of willpower (on tentacle)
 w - the ring "Kiwoly" (on tentacle) {rElec Int+6 Dex+3}
   (You found it on level 4 of a ziggurat)

   [ring of intelligence]

   It affects your intelligence (+6).
   It affects your dexterity (+3).
   It insulates you from electricity.
 H - the ring "Jetiaq" (on tentacle) {rPois Will+ Str+5 Int+5}
   (You found it on level 10 of the Dungeon)

   [ring of willpower]

   It affects your strength (+5).
   It affects your intelligence (+5).
   It protects you from poison.
   It affects your willpower, your defense against some magical effects.
 J - the ring "Cekora" (on tentacle) {*Corrode rElec Will- Str+6 Int+8 Dex+3}
   (You found it on level 4 of the Depths)

   [ring of strength]

   It affects your strength (+6).
   It affects your intelligence (+8).
   It affects your dexterity (+3).
   It insulates you from electricity.
   It affects your willpower, your defense against some magical effects.
   It may corrode you when you take damage.
 K - the ring of Waeh (left tentacle) {rF+ Int-2 Dex+4 SInv}
   (You acquired it on level 2 of the Depths)

   [ring of see invisible]

   It affects your intelligence (-2).
   It affects your dexterity (+4).
   It protects you from fire.
   It lets you see invisible.
 L - a +6 ring of intelligence (on tentacle)
 N - a +4 ring of protection (on tentacle)
 T - an uncursed ring of resist corrosion
 X - the ring "Ymymusir" (right tentacle) {Str+6 Dex+4 Stlth+}
   (You took it off an orc on level 14 of the Dungeon)

   [ring of strength]

   It affects your strength (+6).
   It affects your dexterity (+4).
   It makes you more stealthy.
Wands
 g - a wand of polymorph (80)
 r - a wand of paralysis (22)
 I - a wand of acid (8)
 M - a wand of digging (14)
 U - a wand of disintegration (40)
 V - a wand of iceblast (41)
Scrolls
 e - 18 scrolls of enchant weapon
 l - 21 scrolls of amnesia
 o - 4 scrolls of holy word
 q - 32 scrolls of remove curse
 t - 4 scrolls of enchant armour
 y - 35 scrolls of teleportation
 A - 8 scrolls of blinking
 C - 17 scrolls of fog
 O - 6 scrolls of summoning
 P - 14 scrolls of identify
 Q - 3 scrolls of silence
 W - 10 scrolls of magic mapping
 Z - 6 scrolls of fear
Potions
 b - 21 potions of curing
 f - 10 potions of lignification
 h - 10 potions of heal wounds
 i - 8 potions of magic
 j - 8 potions of attraction
 m - 13 potions of brilliance
 n - a potion of ambrosia
 s - 38 potions of mutation
 v - 4 potions of resistance
 B - 7 potions of might
 D - a potion of cancellation
 F - 2 potions of haste
 G - 12 potions of flight
Miscellaneous
 d - a tin of tremorstones (2/2)
 R - a box of beasts
 Y - a lightning rod (4/4)


   Skills:
 * Level 20.2 Fighting
 * Level 11.4 Throwing
 * Level 17.6 Dodging
 - Level 15.0 Shields
 - Level 15.2 Unarmed Combat
 - Level 17.0 Spellcasting
 - Level 5.4 Conjurations
 - Level 7.0 Necromancy
 - Level 4.1 Translocations
 - Level 14.0 Transmutations
 - Level 16.4 Fire Magic
 - Level 5.0 Ice Magic
 - Level 24.0 Earth Magic
 - Level 7.0 Poison Magic
 - Level 15.0 Invocations
 - Level 10.0 Evocations


You had one spell level left.
You knew the following spells:

 Your Spells              Type           Power        Failure   Level
a - Ignition              Fire           59%          3%          8
b - Wereblood             Tmut           100%         0%          2
c - Shatter               Erth           68%          2%          9
d - Ice Form              Ice/Tmut       95%          1%          4
e - Apportation           Tloc           100%         1%          1
f - Irradiate             Conj/Tmut      48%          1%          5
g - Eringya's Noxious Bo  Tmut/Pois      49%          1%          6
h - Fireball              Conj/Fire      50%          1%          5
i - Statue Form           Tmut/Erth      82%          1%          6
j - Passage of Golubria   Tloc           N/A          1%          4
k - Fire Storm            Conj/Fire      50%          99%         9

Your spell library contained the following spells:

 Spells                   Type           Power        Failure   Level
 Beastly Appendage        Tmut           100%         0%          1
 Foxfire                  Conj/Fire      100%         0%          1
 Sting                    Tmut/Pois      100%         0%          1
 Animate Skeleton         Necr           100%         1%          1
 Corona                   Hex            46%          1%          1
 Freeze                   Ice            100%         1%          1
 Magic Dart               Conj           100%         1%          1
 Pain                     Necr           100%         1%          1
 Shock                    Conj/Air       100%         1%          1
 Summon Small Mammal      Summ           100%         1%          1
 Passwall                 Tmut/Erth      100%         0%          2
 Conjure Flame            Conj/Fire      100%         0%          3
 Ignite Poison            Fire/Tmut/Pois 100%         0%          3
 Stone Arrow              Conj/Erth      100%         0%          3
 Petrify                  Tmut/Erth      100%         0%          4
 Blink                    Tloc           N/A          1%          2
 Call Imp                 Summ           42%          1%          2
 Corpse Rot               Necr/Air       N/A          1%          2
 Ensorcelled Hibernation  Hex/Ice        100%         1%          2
 Poisonous Vapours        Pois/Air       100%         1%          2
 Searing Ray              Conj           100%         1%          2
 Slow                     Hex            42%          1%          2
 Sublimation of Blood     Necr           42%          1%          2
 Swiftness                Air            42%          1%          2
 Call Canine Familiar     Summ           42%          1%          3
 Confusing Touch          Hex            42%          1%          3
 Dazzling Flash           Conj/Hex       100%         1%          3
 Frozen Ramparts          Ice            100%         1%          3
 Gell's Gravitas          Tloc           35%          1%          3
 Inner Flame              Hex/Fire       90%          1%          3
 Lesser Beckoning         Tloc           35%          1%          3
 Mephitic Cloud           Conj/Pois/Air  71%          1%          3
 Ozocubu's Armour         Ice            75%          1%          3
 Portal Projectile        Hex/Tloc       100%         1%          3
 Spider Form              Tmut/Pois      49%          1%          3
 Static Discharge         Conj/Air       62%          1%          3
 Summon Guardian Golem    Hex/Summ       42%          1%          3
 Teleport Other           Tloc           70%          1%          3
 Tukima's Dance           Hex            42%          1%          3
 Vampiric Draining        Necr           42%          1%          3
 Animate Dead             Necr           42%          1%          4
 Dispel Undead            Necr           85%          1%          4
 Fulminant Prism          Conj/Hex       31%          1%          4
 Hailstorm                Conj/Ice       76%          1%          4
 Iskenderun's Mystic Bla  Conj/Tloc      74%          1%          4
 Leda's Liquefaction      Hex/Erth       52%          1%          4
 Olgreb's Toxic Radiance  Pois           85%          1%          4
 Sticky Flame             Conj/Fire      100%         1%          4
 Summon Ice Beast         Ice/Summ       61%          1%          4
 Agony                    Necr           85%          1%          5
 Alistair's Intoxication  Tmut/Pois      66%          1%          5
 Blade Hands              Tmut           55%          1%          5
 Bolt of Magma            Conj/Fire/Erth 57%          1%          5
 Borgnjor's Vile Clutch   Necr/Erth      57%          1%          5
 Excruciating Wounds      Necr           42%          1%          5
 Yara's Violent Unravell  Hex/Tmut       42%          1%          5
 Hydra Form               Tmut           55%          1%          6
 Iron Shot                Conj/Erth      56%          1%          6
 Starburst                Conj/Fire      50%          1%          6
 Dragon Form              Tmut           55%          1%          7
 Death Channel            Necr           42%          3%          6
 Airstrike                Air            21%          4%          4
 Cause Fear               Hex            21%          4%          4
 Summon Lightning Spire   Summ/Air       42%          4%          4
 Lightning Bolt           Conj/Air       31%          4%          5
 Metabolic Englaciation   Hex/Ice        30%          4%          5
 Summon Forest            Summ/Tloc      29%          5%          5
 Simulacrum               Ice/Necr       40%          5%          6
 Lehudib's Crystal Spear  Conj/Erth      56%          7%          8
 Ozocubu's Refrigeration  Ice            37%          9%          6
 Silence                  Hex/Air        21%          12%         5
 Summon Demon             Summ           21%          12%         5
 Summon Mana Viper        Hex/Summ       42%          12%         5
 Freezing Cloud           Conj/Ice/Air   33%          16%         6
 Conjure Ball Lightning   Conj/Air       31%          22%         6
 Invisibility             Hex            42%          54%         6
 Shadow Creatures         Summ           N/A          54%         6
 Malign Gateway           Summ/Tloc      29%          85%         7
 Infestation              Necr           42%          85%         8
 Monstrous Menagerie      Summ           21%          98%         7
 Summon Greater Demon     Summ           21%          98%         7
 Summon Hydra             Summ           21%          98%         7
 Disjunction              Tloc           35%          99%         8
 Chain Lightning          Conj/Air       31%          100%        8
 Summon Horrible Things   Summ           21%          100%        8
 Absolute Zero            Ice            37%          100%        9
 Dragon's Call            Summ           21%          100%        9
 Tornado                  Air            21%          100%        9


Dungeon Overview and Level Annotations

Branches:
Dungeon (15/15)            Temple (1/1) D:6            Lair (6/6) D:9
 Shoals (4/4) Lair:3        Snake (4/4) Lair:4        Slime (0/5) Lair:6
    Orc (2/2) D:12            Elf (3/3) Orc:2        Vaults (4/5) D:14
  Crypt (3/3) Vaults:3       Tomb (0/3) Crypt:3      Depths (5/5) D:15
    Zot (0/5) Depths:5     Bailey (visited)           IceCv (visited)
 WizLab (visited)

Altars:
Ashenzari
Cheibriados
Dithmenos
Elyvilon
Fedhas
Gozag
Hepliaklqana
Kikubaaqudgha
Makhleb
Nemelex Xobeh
Okawaru
Qazlal
Ru
Sif Muna
Trog
Uskayaw
Vehumet
Xom
Yredelemnul
The Shining One
Beogh
Lugonu

Shops:
D:10 =   D:12 :   D:14 *   D:15 (*   Orc:2 ::[!(   Elf:2 =   Vaults:3 *=
Vaults:4 =   Depths:2 :(

Portals:
Hell: Depths:1 Depths:2 Depths:3 Depths:4 Depths:5
Abyss: Depths:1 Depths:4 Depths:5
Pandemonium: Depths:2 Depths:3

Annotations:
D:14 exclusion: 2 doors
Lair:6 exclusion: oklob plant


Innate Abilities, Weirdness & Mutations

You cannot wear most types of armour.
You are very stealthy in the water. (Stealth+)
You are amphibious.
You can wear up to eight rings at the same time.
You can use your tentacles to constrict eight enemies at once.
Your skin changes colour to match your surroundings (Stealth+).
((Your rubbery body absorbs attacks. (AC +1, EV +1)))
One of your tentacles bears a spike.
You are agile. (Dex +2)


Message History

Podituap hits you.
* * * LOW HITPOINT WARNING * * *
Your corrosive artefact corrodes you!
Parezih hits you!!
* * * LOW HITPOINT WARNING * * *
Oclel gestures at you. The bolt of fire hits you! You resist.
* * * LOW HITPOINT WARNING * * *
Podituap closely misses you.
Jicsat sneers, "Thy throat shall be my snack!"
Parezih hits you!
* * * LOW HITPOINT WARNING * * *
Beyrr gestures at you.
You feel haunted. Oclel gestures at you. The bolt of energy hits you!
* * * LOW HITPOINT WARNING * * *
The bolt of energy hits the wraith!!
You block Podituap's attack. Zuellumo gestures at you.
The sphere of damnation explodes!
The damnation engulfs you!!
You die...

▓▓▓▓▓▓▓▓.............▓▓▓▓▓▓▓▓▓▓▓▓
.......................§.p.44....
.......................&.4u4GY...
.....................§.4.CXWW["[|
......................)..CuXt4t?}
.................)....&...2X&XR):
.................&&&...&.WpYXX)!∩
..............W.8&&&†..X...&|?([>
...............W&W.W..†......}[[∩
.........................Y.u†[
............................k}
..........................†..)
..............................
..............................
▓▓▓▓▓▓▓▓.............▓▓▓▓▓▓▓▓▓


You could see Badel, Beyrr, Gaowiroz, Jicsat, Kayqedghy, Leiwnyme, Oclel (fast),
Parezih, Podituap (fast), Zuellumo (fast), a tentacled monstrosity (summoned), a
phantasmal warrior (summoned), a chaos spawn and 3 wraiths.

Vanquished Creatures
  An ancient lich (Crypt:3)
  Mara (Vaults:4)
  5 juggernauts
  6 pandemonium lords
  Sojobo (Depths:2)
  13 royal mummies
  4 shard shrikes (Zig:17)
  Bai Suzhen (Depths:2)
  A curse toe (Zig:22)
  5 Killer Klowns
  Frederick (Depths:3)
  Nikola (Shoals:3)
  9 caustic shrikes
  3 golden dragons (Depths:5)
  A mutant beast (WizLab)
  3 pearl dragons (Zig:15)
  2 doom hounds (Zig:22)
  A Brimstone Fiend (Zig:18)
  5 bone dragons (Zig:22)
  3 hellephants (Zig:19)
  Rupert (Orc:2)
  2 Ice Fiends (Zig:13)
  2 tentacled monstrosities (Depths:4)
  3 Hell Sentinels
  Asterion (Depths:2)
  5 liches
  2 Executioners (Zig:13)
  3 deep elf blademasters
  A quicksilver dragon (shapeshifter) (Zig:23)
  2 quicksilver dragons (Depths:5)
  2 deep elf master archers (Elf:3)
  3 sphinxes
  4 titans
  Frances (Snake:1)
  Polyphemus (Shoals:3)
  A sphinx (shapeshifter) (Zig:14)
  3 shadow dragons
  4 storm dragons
  5 tengu reavers
  Ilsuiw (Shoals:3)
  4 ancient champions (Crypt:2)
  An azure jelly (shapeshifter) (Zig:14)
  13 nagarajas
  16 fire giants
  11 frost giants
  A fenstrider witch (shapeshifter) (Zig:23)
  3 iron dragons (Depths:5)
  3 daevas (Zig:15)
  A ghost moth (shapeshifter) (Zig:14)
  An iron dragon (shapeshifter) (Zig:14)
  3 caustic shrike zombies
  2 balrugs
  9 deep elf sorcerers
  4 juggernaut zombies
  A ghost moth (Zig:19)
  An orc warlord (Orc:2)
  A draconian scorcher (Depths:5)
  6 angels (Zig:15)
  Aizul (Depths:3)
  12 vault wardens
  2 ghouls (Vaults:3)
  5 deep elf elementalists
  2 caustic shrike skeletons
  25 very ugly things
  20 reapers
  7 ophanim (Zig:15)
  5 juggernaut skeletons
  26 stone giants
  6 ironheart preservers
  8 vampire knights
  3 green draconians (Depths:5)
  2 black suns
  2 corrupters (Zig:13)
  3 apis (Zig:15)
  2 dire elephants
  A yellow draconian (Depths:5)
  3 deep elf demonologists
  4 entropy weavers
  8 deep elf annihilators
  A bunyip (Zig:11)
  A dire elephant (shapeshifter) (Zig:23)
  An entropy weaver (shapeshifter) (Vaults:4)
  3 red draconians (Depths:5)
  14 spark wasps
  12 eidola
  4 ettins
  2 eleionomae (Zig:11)
  10 deep elf death magi
  11 merfolk javelineers
  2 green deaths (Zig:13)
  5 quicksilver dragon zombies
  17 merfolk impalers
  Snorg (Orc:1)
  20 fire dragons
  3 blizzard demons
  13 yaktaur captains
  A shambling mangrove (Zig:11)
  4 deep elf high priests
  9 mummy priests
  9 great orbs of eyes
  27 hydras
  Erolcha (Orc:2)
  7 jiangshi
  6 vault guards
  A hell beast (Zig:13)
  17 ice dragons
  10 boulder beetles
  A quicksilver dragon skeleton (Zig:22)
  A caustic shrike simulacrum (Depths:4)
  11 rakshasas
  An anaconda (shapeshifter) (Vaults:1)
  14 centaur warriors
  An alligator snapping turtle (Zig:21)
  6 spriggan air magi
  A catoblepas (Shoals:3)
  8 merfolk avatars
  10 anacondas
  8 naga warriors
  6 death yaks
  3 death knights
  36 two-headed ogres
  25 dancing weapons
  2 hell hogs (Zig:18)
  5 merfolk aquamancers
  The ghost of Jaiteiro the Cleaver, a novice MiFi of Qazlal (D:10)
  6 deep troll shamans
  A satyr (Shoals:3)
  5 spriggan berserkers
  7 vampire magi
  A tengu warrior (Depths:1)
  4 death scarabs
  2 orc high priests
  Urug (Lair:5)
  7 ogre magi
  10 hell knights
  14 deep troll earth magi
  6 titan zombies
  17 naga sharpshooters
  5 shock serpents
  2 titan skeletons
  30 deep elf knights
  4 fire crabs (shapeshifter)
  Sonja (Lair:1)
  3 storm dragon zombies
  13 soul eaters
  Nergalle (Orc:1)
  An iron golem (WizLab)
  A sixfirhy (Zig:13)
  3 iron trolls
  4 shadow wraiths
  2 golden dragon zombies
  24 skeletal warriors
  A death drake (Zig:11)
  12 sea snakes
  A spark wasp zombie (Depths:3)
  A death drake (shapeshifter) (Depths:4)
  2 deep trolls (shapeshifter)
  A ghost moth zombie (Crypt:2)
  A storm dragon skeleton (Zig:17)
  9 unseen horrors
  22 deep trolls
  2 glowing orange brains
  An unseen horror (shapeshifter) (WizLab)
  4 cherubim (Zig:15)
  20 deep elf archers
  3 shadow demons
  5 swamp dragons
  2 anaconda zombies (Crypt:3)
  9 flayed ghosts
  6 spriggan druids
  5 naga ritualists
  Pikel (D:6)
  6 wizards
  8 orc knights
  2 lindwurms
  A wolf spider zombie (D:14)
  18 necromancers
  16 phantasmal warriors
  2 golden dragon skeletons
  4 tengu zombies
  43 harpies
  12 ironbrand convokers
  A stone giant zombie (Crypt:1)
  2 oklob plants (Lair:6)
  54 deep elf magi
  3 sphinx zombies
  9 mana vipers
  The ghost of dscm the Chopper, a novice DsGl of Gozag (D:6)
  A fire giant zombie (Zig:12)
  A mana viper (shapeshifter) (Depths:5)
  2 orb spiders
  4 wolf spiders
  66 ugly things
  4 iron dragon zombies
  3 shadow dragon zombies
  A sphinx skeleton (Zig:17)
  5 orc sorcerers
  2 shining eyes (Zig:4)
  2 shining eyes (shapeshifter)
  2 shadow dragon skeletons
  6 frost giant zombies
  A cyclops (shapeshifter) (Zig:6)
  9 cyclopes
  3 salamanders
  A dire elephant zombie (Crypt:3)
  2 tengu skeletons
  7 fauns
  14 merfolk sirens
  28 manticores
  A rust devil (Depths:3)
  Maurice (Orc:1)
  A stone giant skeleton (Crypt:1)
  2 frost giant skeletons
  3 apocalypse crabs
  34 black mambas
  2 water nymphs (shapeshifter)
  9 water nymphs
  An iron dragon skeleton (Zig:17)
  13 elephants
  25 naga magi
  3 guardian serpents (shapeshifter) (WizLab)
  4 guardian serpents
  2 eyes of devastation
  9 vault sentinels
  19 cane toads
  A fire giant skeleton (Zig:12)
  2 ice statues (IceCv)
  A pale draconian zombie (Crypt:2)
  A cane toad (shapeshifter) (WizLab)
  A shock serpent skeleton (Crypt:1)
  2 orange demons (Zig:13)
  A titan simulacrum (Crypt:1)
  3 gargoyles
  3 spriggan skeletons
  5 torpor snails
  An emperor scorpion zombie (Crypt:3)
  10 rime drakes
  A yaktaur (shapeshifter) (Zig:23)
  A kobold demonologist (D:14)
  6 elf skeletons
  7 hellions
  A golden dragon simulacrum (Zig:20)
  6 rime drakes (shapeshifter)
  6 ice devils
  14 komodo dragons
  13 hellwings (Crypt:3)
  A demonic crawler (Zig:2)
  A purple draconian zombie (Crypt:1)
  A silent spectre (Zig:16)
  5 spectral swamp worms (Depths:2)
  9 tormentors
  A komodo dragon (shapeshifter) (Zig:23)
  57 yaktaurs
  19 freezing wraiths
  5 tengu conjurers
  A queen bee (shapeshifter) (WizLab)
  8 wind drakes
  23 guardian mummies
  2 polar bears (shapeshifter)
  A hydra zombie (Crypt:3)
  5 red devils
  45 merfolk
  A meliai (D:14)
  7 hornets
  10 polar bears
  A hornet (shapeshifter) (D:12)
  10 snapping turtles
  A tengu simulacrum (Vaults:3)
  A meliai (shapeshifter) (Depths:2)
  11 trolls
  45 slime creatures
  Prince Ribbit (Lair:1)
  A hydra skeleton (Crypt:3)
  3 raiju (shapeshifter) (WizLab)
  A wind drake (shapeshifter) (WizLab)
  A blink frog (shapeshifter) (Vaults:4)
  2 raiju (Lair:6)
  22 blink frogs
  22 flying skulls
  2 redbacks
  3 spriggan zombies
  A centaur simulacrum (D:14)
  3 spriggans
  11 small abominations
  An ettin skeleton (Crypt:3)
  2 fire dragon skeletons
  5 air elementals
  2 tarantellas
  8 shadows
  22 wraiths
  3 yaks (shapeshifter)
  A wyvern (shapeshifter) (WizLab)
  10 wyverns
  8 ushabtiu
  2 basilisks (shapeshifter) (WizLab)
  3 fire elementals
  10 water elementals
  41 yaks
  A tarantella (shapeshifter) (WizLab)
  Eustachio (D:5)
  A human (shapeshifter) (Vaults:3)
  A neqoxec (Depths:3)
  2 steam dragons (Lair:6)
  4 chaos spawn
  Grum (Lair:1)
  5 basilisks
  A black mamba skeleton (Crypt:1)
  2 vampire mosquitoes
  Menkaure (D:5)
  33 nagas
  A swamp worm (shapeshifter) (WizLab)
  A human zombie (Depths:3)
  An acid dragon (shapeshifter) (Depths:4)
  18 large abominations
  4 soldier ants
  2 cane toad zombies (Crypt:3)
  8 wargs
  4 acid dragons
  19 hell hounds
  Duvessa (D:5)
  18 water moccasins
  4 floating eyes (WizLab)
  A sky beast (shapeshifter) (Vaults:4)
  4 swamp drakes
  10 ice beasts
  51 orc warriors
  6 phantoms
  3 eyes of draining
  A sky beast (D:7)
  A snapping turtle zombie (Crypt:3)
  A black bear (shapeshifter) (D:15)
  17 black bears
  A cane toad skeleton (Crypt:3)
  A tengu (shapeshifter) (Depths:1)
  An eye of draining (shapeshifter) (WizLab)
  10 necrophages
  34 centaurs
  An ogre (shapeshifter) (Zig:14)
  A manticore skeleton (Crypt:3)
  27 ogres
  A swamp dragon zombie (Crypt:3)
  45 wolves
  9 boggarts
  A snapping turtle skeleton (Crypt:3)
  A hog skeleton (Crypt:2)
  A lemure (D:6)
  3 big kobolds
  9 elf zombies
  19 bullfrogs
  3 earth elementals
  A water moccasin zombie (D:5)
  Dowan (D:5)
  A wyvern zombie (D:9)
  10 wyvern skeletons
  9 scorpions
  A warg zombie (Crypt:2)
  9 killer bees
  23 wights
  3 electric eels (D:12)
  3 howler monkeys (D:10)
  3 crimson imps (Depths:3)
  3 quasits
  38 orc priests
  2 jellies
  6 hounds
  Crazy Yiuf (D:4)
  A gnoll shaman (D:6)
  2 iron imps
  28 orc wizards
  3 bullfrog skeletons
  A basilisk skeleton (Crypt:1)
  8 iguanas
  A human skeleton (Crypt:3)
  8 worker ants
  A killer bee zombie (Crypt:1)
  A sky beast zombie (Crypt:1)
  An acid dragon skeleton (Crypt:2)
  2 hound skeletons (D:4)
  32 mummies
  14 gnolls
  4 worker ant zombies
  11 adders
  13 shadow imps
  19 white imps
  4 ufetubi
  A worm zombie (Crypt:1)
  A halfling zombie (Crypt:1)
  3 adder skeletons
  An iguana skeleton (Crypt:2)
  A worm (shapeshifter) (Zig:14)
  3 worms
  A dart slug (D:2)
  7 leopard geckos
  160 orcs
  9 bats
  A bat skeleton (Crypt:2)
  5 giant cockroaches
  9 goblins
  10 hobgoblins
  12 jackals
  31 kobolds
  4 quokkas
  8 frilled lizards
  A jackal zombie (Crypt:1)
  A leopard gecko skeleton (D:5)
  An orc skeleton (Crypt:3)
  A quokka skeleton (D:5)
  4 rats
  2 fire vortices (Zig:14)
2942 creatures vanquished.

Vanquished Creatures (collateral kills)
  A juggernaut (Depths:2)
  A shadow dragon (Depths:2)
  A spark wasp (Depths:2)
  A spriggan berserker (Depths:2)
  A tarantella (shapeshifter) (Depths:2)
5 creatures vanquished.

Vanquished Creatures (others)
  2 pandemonium lords
  A frost giant (shapeshifter) (Zig:23)
  A deep elf sorcerer (Depths:2)
  A reaper (Zig:16)
  A very ugly thing (Zig:14)
  An ettin (Depths:2)
  2 centaur warriors
  An alligator (Zig:11)
  A goliath frog (Zig:11)
  An unseen horror (shapeshifter) (Vaults:2)
  A swamp dragon (shapeshifter) (WizLab)
  A necromancer (Depths:4)
  2 ugly things
  A deep elf mage (Elf:1)
  5 yaktaurs
  5 dream sheep (Lair:3)
  A flying skull (Zig:16)
  A naga (Snake:3)
  A soldier ant (D:15)
  An orc warrior (D:15)
  A boggart (Vaults:3)
  5 centaurs
  An orc priest (D:15)
  2 orc wizards
  A shadow imp (Zig:16)
  4 orcs
  3 bushes (Lair:6)
  85 fungi
  151 plants
  8 withered plants (Crypt:3)
292 creatures vanquished.

Grand Total: 3239 creatures vanquished

Notes
Turn   | Place    | Note
-------+----------+-------------------------------------------
     0 | D:1      | Amaterasu the Octopode Transmuter began the quest for the
                  | Orb.
     0 | D:1      | Reached XP level 1. HP: 13/13 MP: 3/3
   321 | D:1      | Reached XP level 2. HP: 18/18 MP: 5/5
   342 | D:1      | Learned a level 2 spell: Wereblood
   934 | D:2      | Reached XP level 3. HP: 23/23 MP: 4/6
   938 | D:2      | Learned a level 3 spell: Spider Form
  1057 | D:2      | Reached XP level 4. HP: 6/28 MP: 5/7
  1062 | D:2      | Reached skill level 1 in Poison Magic
  1361 | D:2      | Reached XP level 5. HP: 29/33 MP: 8/8
  1454 | D:2      | Found a sacrificial altar of Ru.
  1865 | D:3      | Found a glowing golden altar of the Shining One.
  2115 | D:3      | Found a hide-covered altar of Uskayaw.
  2121 | D:3      | Found an iron altar of Okawaru.
  2123 | D:3      | Found a radiant altar of Vehumet.
  2149 | D:3      | Reached skill level 5 in Unarmed Combat
  2612 | D:3      | Reached XP level 6. HP: 36/39 MP: 8/10
  2617 | D:3      | Learned a level 4 spell: Ice Form
  2919 | D:4      | Reached skill level 1 in Ice Magic
  3048 | D:4      | Reached XP level 7. HP: 31/45 MP: 11/11
  3941 | D:4      | Found a runed translucent door.
  3942 | D:4      | Noticed Crazy Yiuf
  3951 | D:4      | Killed Crazy Yiuf
  4034 | D:5      | Entered Level 5 of the Dungeon
  4063 | D:5      | Noticed Eustachio
  4065 | D:5      | Noticed Dowan
  4149 | D:5      | Noticed Menkaure
  4159 | D:5      | Killed Menkaure
  4160 | D:5      | Reached skill level 5 in Transmutations
  4160 | D:5      | Reached XP level 8. HP: 51/52 MP: 9/12
  4780 | D:5      | Noticed Duvessa
  4824 | D:5      | Found a bloodstained altar of Trog.
  4978 | D:5      | Found a stormy altar of Qazlal.
  5310 | D:5      | Found a basalt altar of Yredelemnul.
  5361 | D:5      | Killed Eustachio
  5517 | D:5      | Killed Duvessa
  5521 | D:5      | Killed Dowan
  5889 | D:5      | Noticed a yak
  5901 | D:5      | Killed a yak
  5902 | D:5      | Reached XP level 9. HP: 58/59 MP: 10/13
  6041 | D:6      | Noticed Pikel
  6062 | D:6      | Killed Pikel
  6063 | D:6      | Reached skill level 5 in Fighting
  6661 | D:6      | Found a broken altar of Ashenzari.
  6891 | D:6      | Found a runed translucent door.
  6892 | D:6      | Noticed dscm's ghost (novice DsGl)
  6968 | D:6      | Found a staircase to the Ecumenical Temple.
  6978 | Temple   | Entered the Ecumenical Temple
  7043 | Temple   | Became a worshipper of Cheibriados the Contemplative
  7283 | D:6      | Killed dscm's ghost
  7284 | D:6      | Reached skill level 1 in Invocations
  7828 | D:7      | Reached XP level 10. HP: 53/64 MP: 4/14
  7835 | D:7      | Reached skill level 5 in Ice Magic
  8068 | D:7      | Reached * piety under Cheibriados
  8691 | D:8      | Noticed a two-headed ogre
  8771 | D:8      | Learned a level 1 spell: Apportation
  8773 | D:8      | Got a slimy silver ring
  8774 | D:8      | Identified the ring of Ocysuxan {Dex+4 Slay+4} (You found
                  | it on level 8 of the Dungeon)
  8805 | D:8      | Found a blossoming altar of Fedhas.
  9332 | D:8      | Found a sparkling altar of Nemelex Xobeh.
  9641 | D:8      | Killed a two-headed ogre
  9642 | D:8      | Reached skill level 5 in Dodging
  9734 | D:8      | Reached ** piety under Cheibriados
  9934 | D:8      | Killed an unseen horror
 10007 | D:9      | Noticed a two-headed ogre
 10395 | D:9      | Reached skill level 1 in Evocations
 10426 | D:9      | Found a staircase to the Lair.
 10490 | D:9      | Found a shimmering blue altar of Sif Muna.
 10517 | D:9      | Reached skill level 5 in Spellcasting
 10523 | D:9      | Reached XP level 11. HP: 72/72 MP: 15/18
 10673 | D:9      | Noticed a two-headed ogre
 10682 | D:9      | Killed a two-headed ogre
 10682 | D:9      | Reached *** piety under Cheibriados
 10685 | D:9      | Killed a two-headed ogre
 11406 | D:10     | Entered Level 10 of the Dungeon
 11406 | D:10     | Noticed a two-headed ogre
 11414 | D:10     | Killed a two-headed ogre
 11634 | D:10     | Found Damennudgh's Jewellery Emporium.
 11637 | D:10     | Bought an uncursed amulet of regeneration for 330 gold
                  | pieces
 11707 | D:10     | Reached **** piety under Cheibriados
 11757 | D:10     | Found a flagged portal.
 11789 | Bailey   | Entered a bailey
 11834 | Bailey   | Noticed an orc knight
 11868 | Bailey   | Killed an orc knight
 12126 | Bailey   | Reached ***** piety under Cheibriados
 12128 | Bailey   | Reached skill level 5 in Invocations
 12135 | Bailey   | Reached skill level 10 in Unarmed Combat
 12408 | D:10     | Noticed a deep elf mage
 12461 | D:10     | Killed an unseen horror
 12578 | D:10     | Noticed a cyclops
 12611 | D:10     | Killed a deep elf mage
 12619 | D:10     | Killed a cyclops
 12620 | D:10     | Reached XP level 12. HP: 80/80 MP: 16/19
 12638 | D:10     | Got a shimmering golden ring
 12639 | D:10     | Identified the ring "Jetiaq" {rPois Will+ Str+5 Int+5} (You
                  | found it on level 10 of the Dungeon)
 13189 | D:10     | Found a large runed translucent door.
 13189 | D:10     | Found a large runed translucent door.
 13197 | D:10     | Noticed Jaiteiro's ghost (novice MiFi)
 13208 | D:10     | Killed Jaiteiro's ghost
 13294 | Lair:1   | Entered Level 1 of the Lair of Beasts
 13491 | Lair:1   | Noticed a four-headed hydra
 13502 | Lair:1   | Killed a four-headed hydra
 14026 | Lair:1   | Noticed Prince Ribbit
 14045 | Lair:1   | Killed Prince Ribbit
 14282 | Lair:1   | Noticed Sonja
 14288 | Lair:1   | Killed Sonja
 14289 | Lair:1   | Reached skill level 1 in Shields
 14289 | Lair:1   | Reached skill level 5 in Evocations
 14403 | Lair:1   | Noticed Grum
 14412 | Lair:1   | Killed Grum
 14613 | Lair:1   | Noticed an eight-headed hydra
 14622 | Lair:1   | Killed an eight-headed hydra
 14980 | Lair:2   | Reached skill level 10 in Transmutations
 15029 | Lair:2   | Noticed a six-headed hydra
 15035 | Lair:2   | Killed a six-headed hydra
 15141 | Lair:2   | Noticed a four-headed hydra
 15149 | Lair:2   | Killed a four-headed hydra
 15150 | Lair:2   | Reached XP level 13. HP: 75/88 MP: 16/20
 16704 | Lair:3   | Found a staircase to the Shoals.
 16857 | Lair:3   | Reached ****** piety under Cheibriados
 16915 | Lair:3   | Found a shimmering altar of Xom.
 17836 | Lair:4   | Found a staircase to the Snake Pit.
 18770 | Lair:5   | Found a frozen archway.
 18781 | Lair:5   | Reached XP level 14. HP: 95/95 MP: 21/21
 18786 | IceCv    | Entered an ice cave
 18817 | IceCv    | Found a transporter.
 18920 | IceCv    | Found a transporter.
 18956 | IceCv    | Learned a level 5 spell: Irradiate
 18963 | IceCv    | Learned a level 6 spell: Eringya's Noxious Bog
 19344 | Lair:5   | Reached skill level 1 in Conjurations
 19842 | Lair:5   | Noticed Urug
 19853 | Lair:5   | Killed Urug
 19995 | Lair:6   | Entered Level 6 of the Lair of Beasts
 20691 | Lair:6   | Reached skill level 15 in Unarmed Combat
 20691 | Lair:6   | Reached XP level 15. HP: 101/101 MP: 22/22
 21245 | Lair:6   | Reached skill level 10 in Dodging
 21362 | Lair:6   | Reached skill level 5 in Poison Magic
 21634 | Lair:6   | Reached XP level 16. HP: 108/108 MP: 19/23
 21819 | Lair:6   | Found a staircase to the Slime Pits.
 22262 | D:11     | Found a hazy altar of Hepliaklqana.
 23064 | D:12     | Found a staircase to the Orcish Mines.
 24225 | D:12     | Noticed a storm dragon
 24260 | D:12     | Killed a storm dragon
 24753 | D:12     | Found Awkidwer's Book Boutique.
 24761 | D:12     | Bought a book of Fire for 715 gold pieces
 24767 | D:12     | Learned a level 5 spell: Fireball
 25199 | D:13     | Reached skill level 1 in Fire Magic
 25273 | D:13     | Found an opulent altar of Gozag.
 26499 | D:14     | Identified the ring "Ymymusir" {Str+6 Dex+4 Stlth+}
 27374 | D:14     | Found a gate to the Vaults.
 27672 | D:14     | Found Mecivot's General Store.
 27745 | D:15     | Entered Level 15 of the Dungeon
 27861 | D:15     | Found a staircase to the Depths.
 27972 | D:15     | Reached skill level 5 in Conjurations
 28052 | D:15     | Found the +8 mithril axe "Arga" {speed, Will+}
 28351 | D:15     | Found Qunaonlu's Assorted Antiques.
 28386 | D:15     | Bought a scroll of identify for 74 gold pieces
 28386 | D:15     | Bought a scroll of identify for 74 gold pieces
 28414 | D:15     | Reached skill level 10 in Fighting
 28573 | D:15     | Found Fihunliu's Weapon Shop.
 28919 | Orc:1    | Entered Level 1 of the Orcish Mines
 28919 | Orc:1    | Noticed Nergalle
 28921 | Orc:1    | Killed Nergalle
 28922 | Orc:1    | Noticed Maurice
 28929 | Orc:1    | Killed Maurice
 29102 | Orc:1    | Noticed Snorg
 29107 | Orc:1    | Killed Snorg
 29115 | Orc:1    | Reached XP level 17. HP: 115/115 MP: 27/30
 29363 | Orc:2    | Entered Level 2 of the Orcish Mines
 29363 | Orc:2    | Found a staircase to the Elven Halls.
 29456 | Orc:2    | Noticed Erolcha
 29459 | Orc:2    | Killed Erolcha
 29636 | Orc:2    | Found a roughly hewn altar of Beogh.
 29663 | Orc:2    | Noticed Rupert
 29682 | Orc:2    | Killed Rupert
 29711 | Orc:2    | Found a roughly hewn altar of Beogh.
 29988 | Orc:2    | Found a roughly hewn altar of Beogh.
 30021 | Orc:2    | Found a roughly hewn altar of Beogh.
 30048 | Orc:2    | Found Opeeza Paki's Book Boutique.
 30098 | Orc:2    | Found a roughly hewn altar of Beogh.
 30125 | Orc:2    | Bought a book of the Earth for 1040 gold pieces
 30132 | Orc:2    | Learned a level 6 spell: Statue Form
 30137 | Orc:2    | Found a roughly hewn altar of Beogh.
 30158 | Orc:2    | Found Emnatimp's Book Shoppe.
 30277 | Orc:2    | Reached skill level 1 in Earth Magic
 30691 | Orc:2    | Found a roughly hewn altar of Beogh.
 30712 | Orc:2    | Found Gisuwn's Distillery.
 30853 | Orc:2    | Reached skill level 2 in Earth Magic
 30949 | Orc:2    | Found Qomaczo's Antique Weapon Boutique.
 30950 | Orc:2    | Found a roughly hewn altar of Beogh.
 30951 | Orc:2    | Found Wionogod's Antique Armour Shop.
 31193 | Shoals:1 | Entered Level 1 of the Shoals
 31285 | Shoals:1 | Reached skill level 3 in Earth Magic
 32464 | Shoals:1 | Identified a scroll of acquirement
 32464 | Shoals:1 | Acquired 1033 gold pieces
 32509 | Shoals:2 | Reached skill level 4 in Earth Magic
 33421 | Shoals:3 | Reached skill level 5 in Earth Magic
 33437 | Shoals:3 | Noticed Polyphemus
 33472 | Shoals:3 | Noticed Ilsuiw
 33533 | Shoals:3 | Killed Ilsuiw
 33632 | Shoals:3 | Killed Polyphemus
 33843 | Shoals:3 | Noticed Nikola
 33848 | Shoals:3 | Killed Nikola
 33849 | Shoals:3 | Reached skill level 6 in Earth Magic
 34305 | Shoals:3 | Reached XP level 18. HP: 77/121 MP: 28/31
 34874 | Shoals:4 | Entered Level 4 of the Shoals
 35275 | Shoals:4 | Reached skill level 5 in Fire Magic
 36297 | Shoals:4 | Got a barnacled rune of Zot
 36431 | Snake:1  | Entered Level 1 of the Snake Pit
 36518 | Snake:1  | Learned a level 5 spell: Borgnjor's Vile Clutch
 36879 | Snake:1  | Noticed Frances
 36884 | Snake:1  | Killed Frances
 36888 | Snake:1  | Reached skill level 1 in Necromancy
 38062 | Snake:3  | Reached skill level 7 in Earth Magic
 38086 | Snake:3  | Reached XP level 19. HP: 128/128 MP: 32/32
 38723 | Snake:4  | Entered Level 4 of the Snake Pit
 39261 | Snake:4  | Reached skill level 15 in Dodging
 39453 | Snake:4  | Reached skill level 5 in Necromancy
 39909 | Snake:4  | Got a serpentine rune of Zot
 40447 | Vaults:1 | Entered Level 1 of the Vaults
 40476 | Vaults:1 | Reached skill level 10 in Spellcasting
 40773 | Vaults:1 | Reached XP level 20. HP: 134/138 MP: 27/34
 40791 | Vaults:1 | Reached skill level 8 in Earth Magic
 41861 | Vaults:2 | Reached skill level 9 in Earth Magic
 41893 | Vaults:2 | Found a magical portal.
 41908 | WizLab   | Entered Cigotuvi's Fleshworks
 42253 | WizLab   | Gained mutation: Your spells are a little easier to cast,
                  | but a little less powerful. [a shining eye]
 42255 | WizLab   | Lost mutation: Your spells are a little easier to cast, but
                  | a little less powerful. [potion of mutation]
 42255 | WizLab   | Gained mutation: Your system is resistant to poisons.
                  | (rPois) [potion of mutation]
 42255 | WizLab   | Gained mutation: You can translocate small distances at
                  | will. [potion of mutation]
 42338 | WizLab   | Paralysed by a floating eye for 4 turns
 42343 | WizLab   | Paralysed by a floating eye for 4 turns
 42374 | WizLab   | Learned a level 9 spell: Shatter
 42474 | WizLab   | Identified the ring of Midnight {rPois Will+ Int+2} (You
                  | found it in a wizard's laboratory)
 42510 | WizLab   | Reached skill level 10 in Earth Magic
 42530 | WizLab   | Identified Cigotuvi's Catalogue of Doomed Changing
 42532 | WizLab   | Identified the Compendium of Shape Shifting
 42538 | WizLab   | Identified the Incunabulum of Shape Shifting
 42963 | Vaults:2 | Reached skill level 11 in Earth Magic
 43203 | Vaults:2 | Acquired 420 gold pieces
 43348 | Vaults:2 | Reached XP level 21. HP: 145/145 MP: 34/37
 43357 | Vaults:2 | Reached skill level 12 in Earth Magic
 43635 | Vaults:2 | Found a gateway to a bazaar.
 43731 | Bazaar   | Entered a bazaar
 43731 | Bazaar   | Found Liskuoptung's Antique Armour Shop.
 43757 | Bazaar   | Found Jaifuo Zyriff's General Store.
 43765 | Bazaar   | Bought a scroll of identify for 34 gold pieces
 43765 | Bazaar   | Bought a scroll of identify for 34 gold pieces
 43777 | Bazaar   | Found Izecs's Antique Weapon Shop.
 44381 | Vaults:3 | Reached skill level 13 in Earth Magic
 44536 | Vaults:3 | Found Gaubrao's Jewellery Shoppe.
 44769 | Vaults:3 | Found a staircase to the Crypt.
 45047 | Vaults:3 | Reached skill level 14 in Earth Magic
 45568 | Vaults:3 | Found Fycoaf's Assorted Antiques.
 45849 | Vaults:4 | Reached skill level 15 in Earth Magic
 46113 | Vaults:4 | Found Zunuh's Jewellery Shop.
 46157 | Vaults:4 | Reached XP level 22. HP: 153/153 MP: 38/38
 46239 | Vaults:4 | Reached skill level 16 in Earth Magic
 46514 | Vaults:4 | Noticed Mara
 46519 | Vaults:4 | Noticed Amaterasu's illusion
 46523 | Vaults:4 | Killed Mara
 46609 | Vaults:4 | Identified the Incunabulum of Transmigration
 46847 | Vaults:4 | Reached skill level 17 in Earth Magic
 47356 | Depths:1 | Entered Level 1 of the Depths
 47462 | Depths:1 | Identified the ring of the Raven {+Fly Slay+2} (You found
                  | it on level 1 of the Depths)
 47521 | Depths:1 | Reached skill level 18 in Earth Magic
 47544 | Depths:1 | Found a gateway to a ziggurat.
 48410 | Depths:1 | Found a one-way gate to the infinite horrors of the Abyss.
 48718 | Depths:1 | Found a gateway to Hell.
 49087 | D:10     | Bought an uncursed ring of protection from fire for 275
                  | gold pieces
 49259 | Depths:2 | Reached XP level 23. HP: 161/161 MP: 22/39
 49390 | Depths:2 | Found a runed translucent door.
 49405 | Depths:2 | Found a runed translucent door.
 49426 | Depths:2 | Noticed Sojobo
 49436 | Depths:2 | Reached skill level 19 in Earth Magic
 49443 | Depths:2 | Killed Sojobo
 49497 | Depths:2 | Acquired the ring of Waeh {rF+ Int-2 Dex+4 SInv}
 49654 | Depths:2 | Found Astrokuck's Weapon Shop.
 49659 | Depths:2 | Found Pannapug's Book Boutique.
 50007 | Depths:2 | Found a one-way gate leading to the halls of Pandemonium.
 50089 | Depths:2 | Noticed Bai Suzhen
 50101 | Depths:2 | Killed Bai Suzhen
 50206 | Depths:2 | Identified the cursed +0 kite shield "Qywos" {rN+ Will-
                  | Dex+3}
 50206 | Depths:2 | Noticed Asterion
 50218 | Depths:2 | Killed Asterion
 50564 | Depths:2 | Reached skill level 15 in Fighting
 50571 | Depths:2 | Reached skill level 20 in Earth Magic
 50573 | Depths:2 | Noticed a juggernaut
 50574 | Depths:2 | Noticed a juggernaut
 50662 | Depths:2 | Killed a juggernaut
 50672 | Depths:2 | Killed a juggernaut
 50754 | Depths:3 | Noticed Aizul
 50762 | Depths:3 | Killed Aizul
 50826 | Depths:3 | Noticed Frederick
 50839 | Depths:3 | Killed Frederick
 51154 | Depths:3 | Reached skill level 21 in Earth Magic
 51369 | Depths:3 | Reached XP level 24. HP: 145/170 MP: 39/39
 51521 | Depths:3 | Noticed a royal mummy
 51530 | Depths:3 | Killed a royal mummy
 51535 | Depths:3 | Identified Sif Muna's Handbook of Noxious Ice
 52320 | Depths:4 | Found a corrupted altar of Lugonu.
 52662 | Depths:4 | Reached skill level 22 in Earth Magic
 52745 | Depths:4 | Identified the +8 trident "Ciubis" {flame, Str+3} (You
                  | found it on level 4 of the Depths)
 52785 | Depths:4 | Noticed a caustic shrike
 52787 | Depths:4 | Killed a caustic shrike
 52815 | Depths:4 | Identified the ring "Cekora" {*Corrode rElec Will- Str+6
                  | Int+8 Dex+3} (You found it on level 4 of the Depths)
 53022 | Depths:5 | Entered Level 5 of the Depths
 53293 | Depths:5 | Noticed a caustic shrike
 53293 | Depths:5 | Noticed a caustic shrike
 53293 | Depths:5 | Noticed a caustic shrike
 53299 | Depths:5 | Killed a caustic shrike
 53299 | Depths:5 | Killed a caustic shrike
 53299 | Depths:5 | Killed a caustic shrike
 53428 | Depths:5 | Reached skill level 23 in Earth Magic
 53473 | Depths:5 | Reached XP level 25. HP: 160/177 MP: 39/39
 53969 | Depths:5 | Found a gate to the Realm of Zot.
 53995 | Depths:5 | Reached skill level 24 in Earth Magic
 54716 | Depths:5 | Learned a level 4 spell: Passage of Golubria
 54935 | Elf:1    | Entered Level 1 of the Elven Halls
 55088 | Elf:1    | Reached skill level 1 in Translocations
 55093 | Elf:1    | Reached skill level 1 in Throwing
 55121 | Elf:1    | Identified the Compendium of Darkness
 56160 | Elf:2    | Found a runed translucent gate.
 56162 | Elf:2    | Found a runed translucent gate.
 56165 | Elf:2    | Found a runed translucent gate.
 56205 | Elf:2    | Found Takinuad's Jewellery Emporium.
 56221 | Elf:2    | Bought an uncursed ring of willpower for 375 gold pieces
 56404 | Elf:2    | Reached XP level 26. HP: 187/187 MP: 39/39
 56635 | Elf:3    | Entered Level 3 of the Elven Halls
 56817 | Elf:3    | Found the +2 hood of the Assassin {Detection Stab+ Stlth++}
 56827 | Elf:3    | Reached skill level 10 in Invocations
 56838 | Elf:3    | Found the +1 cloak of Starlight {*Dazzle EV+4 Stlth--}
 56979 | Elf:3    | Identified the amulet "Ype Fer" {Faith rPois Will++ MP+9
                  | Slay-3} (You found it on level 3 of the Elven Halls)
 57060 | Elf:3    | Identified Sif Muna's Catalogue of Virous Evil Rituals
 58131 | D:3      | Fell from the grace of Cheibriados
 58131 | D:3      | Became a worshipper of the Shining One
 58514 | Crypt:1  | Entered Level 1 of the Crypt
 58562 | Crypt:1  | Reached * piety under the Shining One
 58669 | Crypt:1  | Reached ** piety under the Shining One
 58833 | Crypt:1  | Reached *** piety under the Shining One
 59206 | Crypt:2  | Reached **** piety under the Shining One
 59398 | Crypt:2  | Acquired the +6 buckler of Hoenusch {rN+ Will+ Int+3
                  | Stlth-}
 59399 | Crypt:2  | Acquired a +1 hat of intelligence
 59400 | Crypt:2  | Acquired the +2 shield of Resistance {rF++ rC++ Will++}
 59401 | Crypt:2  | Found the +2 shield of Resistance {rF++ rC++ Will++}
 59480 | Crypt:2  | Reached ***** piety under the Shining One
 59678 | Crypt:2  | Reached skill level 15 in Spellcasting
 59952 | Crypt:3  | Entered Level 3 of the Crypt
 60034 | Crypt:3  | Reached skill level 5 in Shields
 60068 | Crypt:3  | Reached ****** piety under the Shining One
 60303 | Crypt:3  | Found an ancient bone altar of Kikubaaqudgha.
 60337 | Crypt:3  | Reached XP level 27. HP: 193/193 MP: 42/42
 60481 | Crypt:3  | Found a staircase to the Tomb.
 60792 | Crypt:3  | Identified the Disquisition on Dark Magic
 60830 | Crypt:3  | Noticed an ancient lich
 60831 | Crypt:3  | Found the +5 scythe "Finisher" {speed, eviscerate}
 60837 | Crypt:3  | Killed an ancient lich
 60862 | Crypt:3  | Identified the ring "Gudwov" {+Inv rN+} (You found it on
                  | level 3 of the Crypt)
 60863 | Crypt:3  | Identified the ring of Weohal {rElec rN+} (You found it on
                  | level 3 of the Crypt)
 61294 | Crypt:3  | Learned a level 8 spell: Ignition
 61642 | Zig:1    | Entered Level 1 of a ziggurat
 61661 | Zig:2    | Entered Level 2 of a ziggurat
 61693 | Zig:3    | Entered Level 3 of a ziggurat
 61729 | Zig:4    | Entered Level 4 of a ziggurat
 61752 | Zig:4    | Identified the Tome of Venomous Earth
 61764 | Zig:4    | Identified the ring "Kiwoly" {rElec Int+6 Dex+3} (You found
                  | it on level 4 of a ziggurat)
 61783 | Zig:5    | Entered Level 5 of a ziggurat
 61793 | Zig:5    | Reached skill level 10 in Shields
 61830 | Zig:6    | Entered Level 6 of a ziggurat
 61839 | Zig:6    | Found the +9 scales of the Dragon King {rPois rF+ rC+
                  | Will+}
 61841 | Zig:6    | Gained mutation: You are frail. (-10% HP) [a shining eye]
 61845 | Zig:6    | Lost mutation: Your system is resistant to poisons. (rPois)
                  | [potion of mutation]
 61845 | Zig:6    | Lost mutation: You can translocate small distances at will.
                  | [potion of mutation]
 61845 | Zig:6    | Lost mutation: You are frail. (-10% HP) [potion of
                  | mutation]
 61845 | Zig:6    | Gained mutation: One of your tentacles bears a spike.
                  | [potion of mutation]
 61845 | Zig:6    | Gained mutation: You are agile. (Dex +2) [potion of
                  | mutation]
 61868 | Zig:7    | Entered Level 7 of a ziggurat
 61897 | Zig:7    | Got a faintly glowing platinum ring
 61898 | Zig:7    | Identified the ring "Suchuzui" {rPois EV+4 Str+3} (You
                  | found it on level 7 of a ziggurat)
 61915 | Zig:8    | Entered Level 8 of a ziggurat
 61918 | Zig:8    | Noticed a royal mummy
 61920 | Zig:8    | Noticed a royal mummy
 61929 | Zig:8    | Killed a royal mummy
 61932 | Zig:8    | Killed a royal mummy
 61969 | Zig:9    | Entered Level 9 of a ziggurat
 62010 | Zig:10   | Entered Level 10 of a ziggurat
 62019 | Zig:10   | Noticed a juggernaut
 62020 | Zig:10   | Noticed a juggernaut
 62020 | Zig:10   | Noticed a juggernaut
 62020 | Zig:10   | Noticed a juggernaut
 62023 | Zig:10   | Killed a juggernaut
 62024 | Zig:10   | Killed a juggernaut
 62024 | Zig:10   | Killed a juggernaut
 62024 | Zig:10   | Killed a juggernaut
 62037 | Zig:10   | Acquired 810 gold pieces
 62050 | Zig:11   | Entered Level 11 of a ziggurat
 62114 | Zig:12   | Entered Level 12 of a ziggurat
 62159 | Zig:12   | Acquired 733 gold pieces
 62160 | Zig:12   | Acquired 444 gold pieces
 62183 | Zig:13   | Entered Level 13 of a ziggurat
 62197 | Zig:13   | Noticed Depuj the pandemonium lord
 62202 | Zig:13   | Reached skill level 10 in Evocations
 62202 | Zig:13   | Killed Depuj the pandemonium lord
 62203 | Zig:13   | Reached skill level 15 in Shields
 62226 | Zig:13   | Identified the Grimoire of Snow and the Birds
 62231 | Zig:13   | Identified the ring of Willic {rF++ SInv} (You found it on
                  | level 13 of a ziggurat)
 62256 | Zig:14   | Entered Level 14 of a ziggurat
 62267 | Zig:14   | Noticed Ebrinoag the pandemonium lord
 62270 | Zig:14   | Noticed Semitaep the pandemonium lord
 62282 | Zig:14   | Killed Ebrinoag the pandemonium lord
 62282 | Zig:14   | Noticed Miji the pandemonium lord
 62283 | Zig:14   | Killed Semitaep the pandemonium lord
 62288 | Zig:14   | Killed Miji the pandemonium lord
 62316 | Zig:14   | Got a crude steel ring
 62317 | Zig:14   | Identified the ring of Ycaneuph {*Drain rC++ rN+ Int+4
                  | Dex+3} (You found it on level 14 of a ziggurat)
 62324 | Zig:14   | Acquired 911 gold pieces
 62325 | Zig:14   | Acquired 645 gold pieces
 62366 | Zig:15   | Entered Level 15 of a ziggurat
 62386 | Zig:15   | Reached skill level 15 in Invocations
 62424 | Zig:15   | Identified Hanuerph's Incunabulum of Displaced Beguiling
 62434 | Zig:15   | Identified the Papyrus of the Flying Mountains
 62567 | Zig:15   | Was forgiven by Cheibriados
 62680 | Zig:16   | Entered Level 16 of a ziggurat
 62800 | Zig:16   | Identified the Tome of Calling and Displacement
 62805 | Zig:16   | Got a crude wooden ring
 62806 | Zig:16   | Identified the ring of the Rabble {Wiz +Inv Slay+5} (You
                  | found it on level 16 of a ziggurat)
 62819 | Zig:16   | Reached skill level 10 in Fire Magic
 62829 | Zig:17   | Entered Level 17 of a ziggurat
 62871 | Zig:17   | Found the +10 Black Knight's barding {ponderous, rPois rN+}
 62907 | Zig:18   | Entered Level 18 of a ziggurat
 62986 | Zig:18   | Got a twitching steel ring
 62987 | Zig:18   | Identified the ring of Pecycuj {rF- rC+ rN++ Will+ Str+2}
                  | (You found it on level 18 of a ziggurat)
 62999 | Zig:18   | Got a sparkling steel ring
 63000 | Zig:18   | Identified the ring "Tebeop" {rPois Dex+3 Stlth+} (You
                  | found it on level 18 of a ziggurat)
 63010 | Zig:19   | Entered Level 19 of a ziggurat
 63038 | Zig:19   | Reached skill level 15 in Fire Magic
 63115 | Zig:19   | Identified the Catalogue of Creation and Weightlessness
 63156 | Zig:20   | Entered Level 20 of a ziggurat
 63176 | Zig:20   | Noticed a royal mummy
 63177 | Zig:20   | Noticed a royal mummy
 63178 | Zig:20   | Noticed a royal mummy
 63179 | Zig:20   | Noticed a royal mummy
 63180 | Zig:20   | Noticed a royal mummy
 63181 | Zig:20   | Noticed a royal mummy
 63181 | Zig:20   | Noticed a royal mummy
 63182 | Zig:20   | Killed a royal mummy
 63182 | Zig:20   | Killed a royal mummy
 63182 | Zig:20   | Killed a royal mummy
 63182 | Zig:20   | Killed a royal mummy
 63182 | Zig:20   | Noticed a royal mummy
 63182 | Zig:20   | Noticed a royal mummy
 63183 | Zig:20   | Killed a royal mummy
 63183 | Zig:20   | Noticed a royal mummy
 63184 | Zig:20   | Killed a royal mummy
 63184 | Zig:20   | Killed a royal mummy
 63185 | Zig:20   | Killed a royal mummy
 63186 | Zig:20   | Killed a royal mummy
 63186 | Zig:20   | Killed a royal mummy
 63202 | Zig:20   | Identified the +4 executioner's axe "Gereoseps" {drain,
                  | Dex+2} (You found it on level 20 of a ziggurat)
 63236 | Zig:20   | Got a heavily runed copper ring
 63237 | Zig:20   | Identified the ring "Cugaidea" {+Fly Int+3 Dex+4} (You
                  | found it on level 20 of a ziggurat)
 63382 | Zig:21   | Entered Level 21 of a ziggurat
 63489 | Zig:21   | Found the +4 robe of Augmentation {Str+4 Int+4 Dex+4}
 63596 | Zig:21   | Learned a level 9 spell: Fire Storm
 63600 | Zig:22   | Entered Level 22 of a ziggurat
 63630 | Zig:22   | Reached skill level 10 in Throwing
 63703 | Zig:23   | Entered Level 23 of a ziggurat
 63728 | Zig:23   | Noticed Duoheor the pandemonium lord
 63728 | Zig:23   | Noticed Jicsat the pandemonium lord
 63728 | Zig:23   | Noticed Beyrr the pandemonium lord
 63728 | Zig:23   | Noticed Cigeohol the pandemonium lord
 63728 | Zig:23   | Noticed Vehuy the pandemonium lord
 63728 | Zig:23   | Noticed Ojah the pandemonium lord
 63729 | Zig:23   | Noticed Oclel the pandemonium lord
 63729 | Zig:23   | Noticed Kayqedghy the pandemonium lord
 63729 | Zig:23   | Noticed Parezih the pandemonium lord
 63730 | Zig:23   | Noticed Gaowiroz the pandemonium lord
 63730 | Zig:23   | Noticed Leiwnyme the pandemonium lord
 63732 | Zig:23   | Noticed Podituap the pandemonium lord
 63733 | Zig:23   | Noticed Badel the pandemonium lord
 63734 | Zig:23   | Killed Duoheor the pandemonium lord
 63735 | Zig:23   | Noticed Zuellumo the pandemonium lord
 63736 | Zig:23   | Found the +7 lajatang of Order {silver, rMut}
 63742 | Zig:23   | Killed Cigeohol the pandemonium lord
 63746 | Zig:23   | Killed Vehuy the pandemonium lord
 63746 | Zig:23   | Killed Ojah the pandemonium lord
 63747 | Zig:23   | Killed from afar by Zuellumo the pandemonium lord

Illustrated notes

Levels and vault maps discovered:
D:1:      minmay_arrival_loop, layout_loops_ring
D:2:      layout_rooms, lemuel_crystal_altar
D:3:      layout_rooms, nicolae_overflow_hidden_temple,
          gammafunk_temple_overflow_forgotten, minmay_box_of_dots
D:4:      layout_rooms, st_stairs_11, fountainhead, minmay_between,
          uniq_crazy_yiuf_cottage
D:5:      cheibrodos_two_vegetables, layout_loops_ring, general_overflow_altar,
          lemuel_round_altar, lemuel_doored_altar, uniq_duvessa, uniq_menkaure,
          uniq_eustachio
D:6:      layout_basic, minmay_temple_entry_gardened_gates,
          gammafunk_ghost_grave, ashenzari_altar_1, uniq_pikel
D:7:      layout_loops_ring
D:8:      layout_basic, fedhas_altar_4, kennysheep_mini_moat
D:9:      layout_long_grid, lemuel_blue_sif_altar, due_lair_maze_entry_diamond
D:10:     layout_roguey, ebering_ghost_disaster_area,
          lightli_bailey_entry_fortress, serial_shops, kennysheep_mini,
          minmay_diamond_spiral
D:11:     layout_loops_ring, basic_altar
D:12:     cross_vault, layout_loops_ring, david_orc_2, serial_shops, shop,
          statue_in_the_mist_lemuel
D:13:     layout_basic, basic_altar
D:14:     minmay_the_grid_four_pointed_star_mashed
          [minmay_the_grid_triangle_9x9_swiss_cheese,
          minmay_the_grid_triangle_9x9_warning,
          minmay_the_grid_triangle_9x9_steps,
          minmay_the_grid_triangle_9x9_corrupted_corridor,
          minmay_the_grid_prize_trominoes], layout_basic, david_vaults_5,
          serial_bayou_shore_b, serial_shops, shop, abandoned_shop
D:15:     hangedman_depths_entry_try_elsewhere_first, layout_cross,
          serial_shops, nicolae_shop_temple_entry_statues_fountains,
          nicolae_shop_stone
Temple:   minmay_temple_curvy_loop
Lair:1:   layout_long_grid, grunt_megastairs_4, serial_bayou_shore_a,
          infiniplex_staircase_pool, uniq_grum, uniq_prince_ribbit2, uniq_sonja
Lair:2:   layout_long_grid, lemuel_fruit_tree
Lair:3:   layout_chaotic_city, shoals_dummy_entry,
          cheibrodos_lair_caveside_slide, kb_xom_exploding_sheep,
          lemuel_fruit_fields
Lair:4:   layout_roguey, guppyfry_snake_entry_island
Lair:5:   layout_hall_layers, portal_ice_cave_entry_imps, hibernation_bobbens,
          uniq_urug
Lair:6:   guppyfry_lair_end_dragon, layout_loops_ring,
          hangedman_lair_caniforms_friends, minmay_slime_entry_oklob_enclosed,
          grunt_forest_large_clearing_hut
Shoals:1: layout_shoals
Shoals:2: layout_shoals
Shoals:3: layout_shoals, uniq_ilsuiw, uniq_polyphemus, uniq_nikola
Shoals:4: shoals_end_hangedman, layout_shoals, shoals_ilsuiw_ice
Snake:1:  layout_misc_corridors, uniq_frances
Snake:2:  layout_cave_town
Snake:3:  layout_basic, grunt_ministairs_2, grunt_megastairs_1
Snake:4:  snake_pit, layout_onion
Orc:1:    layout_caves, uniq_maurice, uniq_nergalle, uniq_snorg
Orc:2:    grunt_orc_community_town_hall, layout_diamond_mine,
          grunt_orc_community_big_house_2, grunt_orc_community_big_house_2,
          grunt_orc_community_house_3, grunt_orc_community_house_3,
          grunt_orc_community_house_3, grunt_orc_community_house_1,
          grunt_orc_community_house_3, grunt_orc_community_house_2,
          serial_shops, shop, uniq_rupert, uniq_erolcha
Elf:1:    eino_elf_arrival_customs, layout_gridlike, minmay_elf_necromancy,
          amcnicky_mini_rare_corridor_liquid
Elf:2:    layout_geoelf_grid, serial_shops, shop
Elf:3:    minmay_elf_hall_dome, layout_loops_ring
Vaults:1: ontoclasm_vaults_idyll, ontoclasm_vaults_shout, hangedman_vaults_maws,
          ontoclasm_vaults_fault, nicolae_vaults_network_barrier,
          nicolae_vaults_network_star, nicolae_vaults_ninety_degrees,
          vaults_standard_mumra_x, vaults_room_pools,
          nicolae_vaults_shelves_hall, ontoclasm_vaults_misaligned,
          v_alt_pattern_2, nicolae_vaults_rhombus_5,
          nicolae_vaults_little_squares_3, layout_vaults_ring
Vaults:2: nicolae_vaults_border_crossing, nicolae_vaults_ring_of_whatevers,
          ontoclasm_vaults_misaligned, v_misc_8, nicolae_vaults_network_s,
          vaults_dpeg_doors, hangedman_vaults_slice, vaults_dpeg_ring,
          hangedman_vaults_maws, v_misc_17, ontoclasm_vaults_chip,
          nicolae_vaults_shelves_hall, layout_vaults_omnicross, serial_shops,
          bzr_entry_gold, infiniplex_enter_wizlab_water
Vaults:3: nicolae_vaults_network_square, minmay_crypt_entry_simple_box,
          nicolae_vaults_sealed_display, ontoclasm_vaults_gateway, v_misc_24,
          v_alt_pattern_6, vaults_room_mumra_shop_pool,
          nicolae_vaults_yaktaur_gun_rack, layout_vaults_quadrants,
          serial_shops, shop
Vaults:4: nicolae_vaults_little_squares_6, nicolae_vaults_branching_niches,
          hangedman_vaults_unwind, v_pattern_4, v_misc_9,
          hangedman_vaults_locks, nicolae_vaults_specimen_jars,
          vaults_mumra_hex, vaults_room_fours, layout_vaults_big_room,
          serial_shops, nicolae_shop_crystal, uniq_mara
Crypt:1:  layout_gridlike, grunt_megastairs_2, grunt_crypt_arrival_webbed
Crypt:2:  layout_catacombs
Crypt:3:  evilmike_haunted_forest
Depths:1: nicolae_legendary_halls, layout_twisted_cross, enter_ziggurat_f,
          minmay_room_of_horrors, abandoned_shop, hell_entry,
          hangedman_stitches_earthworm
Depths:2: minmay_expanding_circles, layout_basic, rand_demon_pan_entry_4,
          pf_hell_entry_tar_river, solitary_fountain, kennysheep_two_boxes,
          infiniplex_staircase_zigzag_1, minmay_shoptagon, serial_bayou_shore_b,
          grunt_megastairs_3, firewood_loft, uniq_bai_suzhen, uniq_asterion,
          uniq_sojobo
Depths:3: lemuel_minitomb, layout_cave_shapes, grunt_pan_entry_in_and_out,
          serial_co_window_serial, co_window_of_opportunity_a,
          co_window_corner_a, co_window_paths_b, co_window_cross_1,
          co_window_paths_a, co_window_of_opportunity_a, co_window_corner_b,
          co_window_broadway_b, co_window_2corner, co_window_corner_b,
          co_window_of_opportunity_c, glass_columns_b, glass_columns_a,
          glass_columns_c, glass_columns_a, hell_entry, uniq_aizul,
          uniq_frederick
Depths:4: minmay_fractal_lines_corner, layout_gridlike, pf_hell_entry_great_geh,
          abyss_entry_flame_altar, nrook_mini_backslash,
          chequers_serial_rivers_large_a, infiniplex_staircase_river
Depths:5: grunt_runaround [grunt_runaround_doors_1, grunt_runaround_doors_2,
          grunt_runaround_doors_3, grunt_runaround_doors_4,
          grunt_runaround_zot], hell_entry, serial_shops, abyss_entry
Zig:23

Skill      XL: |  1  2  3  4  5  6  7  8  9 10 11 12 13 14 15 16 17 18 19 20 21 22 23 24 25 26 27 |
---------------+----------------------------------------------------------------------------------+-----
Unarmed Combat | 4 5 7 9 10 12 13 15 | 15.2
Poison Magic   | 1 2 3 4 5 6 7 |  7.0
Transmutations | 3 5 7 8 9 10 11 12 14 | 14.0
Spellcasting   | 3 5 9 10 12 15 17 | 17.0
Fighting       | 2 3 4 5 6 7 8 9 10 11 12 13 14 15 16 17 20 | 20.2
Ice Magic      | 1 2 3 4 5 |  5.0
Dodging        | 4 5 6 8 9 10 13 15 17 | 17.6
Invocations    | 1 3 5 6 7 8 9 10 15 | 15.0
Evocations     | 1 4 5 6 8 10 | 10.0
Shields        | 2 4 7 15 | 15.0
Conjurations   | 2 3 5 |  5.4
Fire Magic     | 3 4 5 16 | 16.4
Earth Magic    | 6 7 11 15 18 21 23 24 | 24.0
Necromancy     | 2 7 |  7.0
Translocations | 3 4 |  4.1
Throwing       | 3 4 11 | 11.4

Action                   |  1- 3 |  4- 6 |  7- 9 | 10-12 | 13-15 | 16-18 | 19-21 | 22-24 | 25-27 || total
-------------------------+-------+-------+-------+-------+-------+-------+-------+-------+-------++-------
Melee: Unarmed           |    43 |   137 |   333 |   392 |   511 |   924 |   627 |   509 |   972 ||  4448
       Constrict         |    10 |    36 |    37 |    13 |     1 |    50 |    84 |    46 |   163 ||   440
       Tentacles         |     7 |    22 |    26 |     6 |     1 |    74 |   168 |   140 |   316 ||   760
       Kick              |     1 |    27 |    12 |     3 |     2 |       |       |       |   121 ||   166
       Punch             |     1 |     3 |     9 |     4 |     1 |    42 |   104 |   106 |   185 ||   455
Throw: Dart              |       |       |       |     3 |       |       |       |       |       ||     3
       Javelin           |       |       |       |       |       |       |       |       |    12 ||    12
 Cast: Beastly Appendage |     1 |    11 |     8 |     4 |     1 |       |       |       |       ||    25
       Wereblood         |     1 |     3 |     1 |       |       |       |     2 |       |       ||     7
       Spider Form       |       |       |    14 |     1 |     1 |     1 |       |       |       ||    17
       Ice Form          |       |       |     2 |    53 |    46 |    84 |     1 |       |       ||   186
       Apportation       |       |       |       |     5 |       |       |       |       |       ||     5
       Irradiate         |       |       |       |       |     2 |     5 |     6 |    11 |     2 ||    26
       Eringya's Noxious |       |       |       |       |       |     5 |     1 |     2 |       ||     8
       Fireball          |       |       |       |       |       |    22 |     1 |    14 |     1 ||    38
       Statue Form       |       |       |       |       |       |    52 |    78 |    72 |   105 ||   307
       Borgnjor's Vile C |       |       |       |       |       |       |    20 |    97 |    27 ||   144
       Shatter           |       |       |       |       |       |       |       |       |    78 ||    78
       Ignition          |       |       |       |       |       |       |       |       |     9 ||     9
Invok: Slouch            |       |       |       |       |     5 |     5 |     8 |     3 |     1 ||    22
       Cleansing Flame   |       |       |       |       |       |       |       |       |     4 ||     4
Evoke: Wand              |       |       |       |    14 |     4 |    12 |     1 |       |     6 ||    37
       Lightning rod     |       |       |       |       |       |     4 |     4 |       |       ||     8
       Tin of tremorston |       |       |       |       |       |       |       |     1 |     1 ||     2
  Use: Scroll            |     7 |     5 |     4 |    11 |     4 |    10 |     5 |    10 |    33 ||    89
       Potion            |       |     3 |     4 |       |     3 |     1 |     1 |     1 |    11 ||    24
 Stab: Sleeping          |     8 |     2 |     7 |     2 |     1 |    20 |    15 |     6 |     7 ||    68
       Distracted        |       |       |     1 |       |     1 |     2 |     1 |     3 |       ||     8
       Paralysed         |       |       |       |     3 |       |       |       |       |       ||     3
Armor: Skin              |     7 |     3 |    27 |    44 |    87 |   242 |   154 |   127 |   443 ||  1134
Dodge: Dodged            |    17 |    65 |   165 |   298 |   449 |  1148 |   921 |   716 |  1488 ||  5267
Block: Other             |     5 |    24 |    58 |    79 |   112 |   150 |       |       |       ||   428
       Reflection        |       |     1 |     1 |    18 |       |    40 |    62 |    11 |    33 ||   166
       Buckler           |       |       |       |       |       |   349 |   526 |   300 |   217 ||  1392
       Kite shield       |       |       |       |       |       |       |       |       |   770 ||   770
